 Dungeon Crawl Stone Soup version 0.28-a0-863-g8cecda6153 (webtiles) character file.

Game seed: 338334501958392721

120 AvatarAndi78 the Covered (level 4, -3/41 HPs)
             Began as a Minotaur Fighter on Nov 18, 2021.
             Slain by an orc priest (6 damage)
             ... on level 3 of the Dungeon.
             The game lasted 00:02:54 (1269 turns).

AvatarAndi78 the Covered (Minotaur Fighter)         Turns: 1269, Time: 00:02:54

Health: -3/41      AC:  9    Str: 20    XL:     4   Next: 75%
Magic:  3/3        EV:  7    Int:  5    God:
Gold:   70         SH:  4    Dex: 11    Spells: 3/3 levels left

rFire   + . .      SeeInvis .   l - +0 long sword
rCold   + . .      Faith    .   c - +0 buckler
rNeg    . . .      Spirit   .   j - +0 chain mail
rPois   .          Reflect  .   (helmet restricted)
rElec   .          Harm     .   i - scarf {rC+ rF+}
rCorr   .          Rampage  .   (no gloves)
Will    .....                   (no boots)
Stlth   ..........              (no amulet)
HPRegen 0.13/turn               (no ring)
MPRegen 0.08/turn               (no ring)

@: no status effects
A: horns 2, retaliatory headbutt
a: no special abilities


You were on level 3 of the Dungeon.
You visited 1 branch of the dungeon, and saw 3 of its levels.

You collected 70 gold pieces.

Inventory:

Hand Weapons
 a - a +0 war axe
 l - a +0 long sword (weapon)
Armour
 c - a +0 buckler (worn)
 i - a scarf of resistance (worn)
 j - a +0 chain mail (worn)
Scrolls
 b - a scroll of magic mapping {unknown}
 f - a scroll of torment {unknown}
 g - 3 scrolls of identify {unknown}
 h - a scroll of enchant weapon {unknown}
 k - a scroll of enchant armour {unknown}
Potions
 d - a potion of might
 e - a potion of curing {unknown}


   Skills:
 + Level 4.4 Fighting
 + Level 1.0 Long Blades
 + Level 4.0 Axes
 + Level 4.5 Armour
 + Level 0.2 Dodging
 + Level 4.1 Shields


You had 3 spell levels left.
You didn't know any spells.
Your spell library contained the following spells:

 Spells                   Type           Power      Damage    Failure   Level
 Call Canine Familiar     Summ           0%         N/A       100%        3
 Portal Projectile        Hex/Tloc       0%         N/A       100%        3
 Leda's Liquefaction      Hex/Erth       0%         N/A       100%        4
 Fireball                 Conj/Fire      0%         3d3       100%        5
 Iskenderun's Battlesphe  Conj           0%         2d6       100%        5
 Conjure Ball Lightning   Conj/Air       0%         3x3d6     100%        6
 Orb of Destruction       Conj           0%         N/A       100%        7


Dungeon Overview and Level Annotations

Branches:
Dungeon (3/15)

Altars:
Ashenzari
Gozag


Innate Abilities, Weirdness & Mutations

You have a pair of horns on your head.
You reflexively headbutt those who attack you in melee.


Message History

Your Long Blades skill increases to level 1!
You have reached level 4!
You feel agile.
You closely miss the orc. You headbutt the orc, but do no damage.
The orc is heavily wounded.
The orc priest invokes the aid of Beogh against you.
Beogh smites you!
* * * LOW HITPOINT WARNING * * *
You block the orc's attack.
You hit the orc.
The orc is heavily wounded.
The orc hits you but does no damage.
Unknown command.
You slash the orc!
You kill the orc!
The orc priest begins to cast a cantrip, but forgets the words!
Your Axes skill increases to level 4!
You hit the orc priest.
The orc priest is lightly wounded.
The orc priest hits you but does no damage.
You hit the orc priest.
The orc priest is heavily wounded.
The orc priest hits you with a +0 hand axe.
* * * LOW HITPOINT WARNING * * *
You hit the orc priest but do no damage.
The orc priest is heavily wounded.
A ball python comes into view.
You block the orc priest's attack.
You barely miss the orc priest.
The orc priest is heavily wounded.
The ball python hisses angrily.
The orc priest hits you with a +0 hand axe.
* * * LOW HITPOINT WARNING * * *
The orc priest hits you with a +0 hand axe.
* * * LOW HITPOINT WARNING * * *
Your chain mail prevents you from hitting the orc priest.
Your headbutt misses the orc priest.
The orc priest is heavily wounded.
The orc priest hits you with a +0 hand axe.
You die...

###.....#
#....... . .
#......# .# .#
#......# ...._.
#......##.. .#.#
.!..............
####...###......
#..<..lo@.......
#.#....##.......
#....### .......
#.......#......#
#.......+...S..#
#.......#......#
#....#Wo........
#....#..l.##....
..####.....


You could see an orc priest, a ball python and a frilled lizard.

Vanquished Creatures
  A phantom (D:3)
  A worm (D:2)
  2 orcs (D:3)
  4 bats
  8 endoplasms
  3 giant cockroaches
  A goblin (D:1)
  7 hobgoblins
  3 quokkas
  A ball python (D:3)
  2 kobolds
  5 rats
38 creatures vanquished.

Notes
Turn   | Place    | Note
-------+----------+-------------------------------------------
     0 | D:1      | AvatarAndi78 the Minotaur Fighter began the quest for the
                  | Orb.
     0 | D:1      | Reached XP level 1. HP: 19/19 MP: 0/0
    19 | D:1      | Reached XP level 2. HP: 23/27 MP: 1/1
   574 | D:2      | Found a broken altar of Ashenzari.
   608 | D:2      | Reached XP level 3. HP: 33/33 MP: 2/2
  1244 | D:3      | Noticed a phantom
  1250 | D:3      | Found an opulent altar of Gozag.
  1261 | D:3      | Killed a phantom
  1262 | D:3      | Reached skill level 1 in Long Blades
  1262 | D:3      | Reached XP level 4. HP: 26/41 MP: 3/3
  1269 | D:3      | Slain by an orc priest

Illustrated notes

Levels and vault maps discovered:
D:1:      eino_arrival_water_star, layout_rooms
D:2:      layout_basic, basic_altar
D:3:      layout_basic, okawaru_trees_1, lemuel_tele_altar,
          lemuel_crystal_altar, uniq_terence

Skill      XL: |  1  2  3  4 |
---------------+-------------+-----
Armour         | 4 |  4.5
Fighting       | 4 |  4.4
Shields        | 4 |  4.1
Axes           | 3 4 |  4.0
Long Blades    | 1 |  1.0
Dodging        | |  0.2

Action                   |  1- 3 |  4- 6 || total
-------------------------+-------+-------++-------
Melee: War axe           |    52 |       ||    52
       Headbutt          |    13 |     1 ||    14
       Long sword        |    13 |     8 ||    21
Armor: Scale mail        |    10 |       ||    10
       Chain mail        |    18 |     2 ||    20
Dodge: Dodged            |    23 |       ||    23
Block: Buckler           |    13 |     2 ||    15

Table legend: (Time is in decaauts)
 A = Elapsed time spent in this place.
 B = Non-inter-level travel time spent in this place.
 C = Inter-level travel time spent in this place.
 D = Time resting spent in this place.
 E = Time spent auto-exploring this place.
 F = Levels seen in this place.
 G = Mean time per level.
                   A        B        C        D        E       F      G
               +--------+--------+--------+--------+--------+-----+--------+
         Total |   1295 |   1247 |     48 |      0 |    992 |   3 |  431.7 |
       Dungeon |   1295 |   1247 |     48 |      0 |    992 |   3 |  431.7 |
               +--------+--------+--------+--------+--------+-----+--------+

Top non-repeatable levels by time:
     D:2: 725 daAuts
     D:1: 536 daAuts
     D:3: 33 daAuts
